 Dungeon Crawl Stone Soup version 0.27.1-2-g3b301248ec (webtiles) character file.

Game seed: 5413559924128120951

380 VictoriousLee the Gusty (level 6, -3/32 HPs)
             Began as a Tengu Summoner on Sept 29, 2021.
             Was an Initiate of Vehumet.
             Slain by a wyvern skeleton (10 damage)
             ... on level 5 of the Dungeon.
             The game lasted 00:18:38 (5307 turns).

VictoriousLee the Gusty (Tengu Summoner)            Turns: 5307, Time: 00:18:39

Health: -3/32      AC:  4    Str:  8    XL:     6   Next: 75%
Magic:  5/10       EV: 14    Int: 17    God:    Vehumet [......]
Gold:   186        SH:  0    Dex: 15    Spells: 2/9 levels left

rFire    . . .     SeeInvis .   f - +2 dagger (vamp)
rCold    . . .     Faith    .   (no shield)
rNeg     . . .     Spirit   .   a - +0 robe
rPois    .         Reflect  .   (helmet restricted)
rElec    .         Harm     .   (no cloak)
rCorr    .         Rampage  .   x - +1 pair of gloves
Will     .....                  (boots unavailable)
Stlth    ++........             (no amulet)
HPRegen  0.10/turn              (no ring)
MPRegen  0.12/turn              (no ring)

@: flying quickly and evasively, quick
A: beak, talons 3, nimble flight
a: Renounce Religion


You were on level 5 of the Dungeon.
You worshipped Vehumet.
Vehumet was noncommittal.
You visited 1 branch of the dungeon, and saw 5 of its levels.

You collected 186 gold pieces.

Inventory:

Hand Weapons
 f - a +2 vampiric dagger (weapon)
 g - a +2 dagger of venom
 l - a +0 trident
 q - a +3 whip
 s - a +0 spear
 w - a +0 falchion
Missiles
 i - 4 boomerangs
 p - 4 atropa-tipped darts
 u - 13 poisoned darts
Armour
 a - a +0 robe (worn)
 e - a +0 leather armour
 t - a +1 leather armour of poison resistance
 x - a +1 pair of gloves (worn)
Wands
 b - a wand of flame (29)
Scrolls
 c - 2 scrolls of teleportation {unknown}
 y - a scroll of summoning {unknown}
Potions
 d - a potion of curing {unknown}
 h - a potion of resistance {unknown}
 j - 2 potions of mutation
 k - a potion of brilliance
 m - a potion of might
 n - 2 potions of degeneration
 o - a potion of ambrosia {unknown}
 r - 2 potions of flight {unknown}
 v - a potion of cancellation {unknown}
 z - a potion of lignification {unknown}


   Skills:
 - Level 2.1 Dodging
 - Level 2.0 Stealth
 + Level 2.1 Spellcasting
 - Level 6.1 Summonings
 - Level 7.5 Air Magic


You had 2 spell levels left.
You knew the following spells:

 Your Spells              Type           Power      Damage    Failure   Level
a - Call Imp              Summ           22%        N/A       2%          2
b - Summon Small Mammal   Summ           88%        N/A       1%          1
s - Summon Lightning Spi  Summ/Air       25%        N/A       12%         4

Your spell library contained the following spells:

 Spells                   Type           Power      Damage    Failure   Level
 Sublimation of Blood     Necr           0%         N/A       28%         2
 Wereblood                Tmut           1%         N/A       28%         2
 Call Canine Familiar     Summ           22%        N/A       4%          3
 Summon Guardian Golem    Hex/Summ       12%        N/A       16%         3
 Ozocubu's Armour         Ice            1%         N/A       50%         3
 Metabolic Englaciation   Hex/Ice        0%         N/A       99%         5
 Simulacrum               Ice/Necr       0%         N/A       100%        6
 Orb of Destruction       Conj           0%         N/A       100%        7
 Spellforged Servitor     Conj/Summ      6%         N/A       100%        7
 Summon Hydra             Summ           11%        N/A       100%        7


Dungeon Overview and Level Annotations

Branches:
Dungeon (5/15)
 Temple: D:4-7

Altars:
Cheibriados
Dithmenos
Vehumet

Annotations:
D:4 Sigmund


Innate Abilities, Weirdness & Mutations

You have a beak for a mouth.
You have claws for feet.
Your magical nature lets you fly swiftly and evasively.


Message History

You reach down and open the door.
You hear the quick rusting of a very distant drain.
There is an open door here.
You reach down and open the door.
There is an open door here.
You reach down and open the door.
A wyvern skeleton comes into view.
There is an open door here.
There is an open door here.
You completely miss the wyvern skeleton.
You claw the wyvern skeleton.
You peck the wyvern skeleton, but do no damage.
The wyvern skeleton is lightly damaged.
The wyvern skeleton barely misses you.
You barely miss the wyvern skeleton.
The wyvern skeleton is lightly damaged.
The wyvern skeleton bites you! The wyvern skeleton bites you.
You hit the wyvern skeleton.
The wyvern skeleton is lightly damaged.
The wyvern skeleton bites you!
Casting: Call Imp (safe; 2% risk of failure)
Press: ? - help, Q - select action, (/) - cycle Dir - look around, f - activate A beastly little devil appears in a puff of frigid air.
The wyvern skeleton bites you.
* * * LOW HITPOINT WARNING * * *
Your white imp hits the wyvern skeleton.
Your white imp freezes the wyvern skeleton.
The wyvern skeleton completely resists.
The wyvern skeleton completely misses you.
Your white imp hits the wyvern skeleton.
Your white imp freezes the wyvern skeleton.
The wyvern skeleton completely resists.
Casting: Call Imp (safe; 2% risk of failure)
Press: ? - help, Q - select action, (/) - cycle Dir - look around, f - activate A beastly little devil appears in a puff of flame.
The wyvern skeleton closely misses you.
You hit the wyvern skeleton. You claw the wyvern skeleton.
The wyvern skeleton is heavily damaged.
The wyvern skeleton bites you!
You die...

#.......
#.....#......
+##.....#..##.#
........#..##.##
........#......#
........#......#
........#......#
........#...5..#
..>.....'...5Z@#
...!....##'#####
###..8..8...##
#....8P....#
#..8..8....#
#####...8P.#'###
......#####...# ..
......'.......#.....
......#....8..#.....


You could see a wyvern skeleton (ally target), a friendly crimson imp (summoned)
and a friendly white imp (summoned).

Vanquished Creatures
  A scorpion (D:4)
  A water moccasin zombie (D:5)
  A bullfrog zombie (D:5)
  Jessica (D:2)
  Robin (D:2)
  An adder (D:3)
  An adder skeleton (D:4)
  6 worms
  2 orcs (D:4)
  5 ball pythons
  5 bats
  5 endoplasms
  2 giant cockroaches (D:3)
  A hobgoblin (D:1)
  5 jackals
  6 kobolds
  2 quokkas (D:3)
  9 goblins
  A rat (D:2)
56 creatures vanquished.

Vanquished Creatures (collateral kills)
  Eustachio (D:4)
  A centaur zombie (D:5)
  A jelly (D:5)
  A scorpion zombie (D:5)
  3 adders
  An endoplasm (D:1)
  2 hobgoblins
  2 jackals (D:1)
  A quokka (D:4)
  10 goblins (D:2)
  A rat (D:2)
24 creatures vanquished.

Grand Total: 80 creatures vanquished

Notes
Turn   | Place    | Note
-------+----------+-------------------------------------------
     0 | D:1      | VictoriousLee the Tengu Summoner began the quest for the
                  | Orb.
     0 | D:1      | Reached XP level 1. HP: 10/10 MP: 4/4
    47 | D:1      | Reached skill level 5 in Summonings
   183 | D:1      | Found a faded altar of an unknown god.
   226 | D:1      | Reached XP level 2. HP: 10/15 MP: 6/6
   231 | D:1      | Learned a level 2 spell: Call Imp
  1046 | D:1      | You fall into a shaft and drop 1 floor!
  1195 | D:2      | Reached XP level 3. HP: 19/19 MP: 2/7
  1275 | D:2      | Noticed Robin
  1276 | D:2      | Reached skill level 1 in Air Magic
  1298 | D:2      | Killed Robin
  1531 | D:2      | Reached skill level 2 in Air Magic
  1565 | D:2      | You fall into a shaft and drop 2 floors!
  1565 | D:4      | Found a radiant altar of Vehumet.
  1570 | D:4      | Became a worshipper of Vehumet
  1710 | D:4      | Reached XP level 4. HP: 24/24 MP: 5/8
  1788 | D:4      | Noticed Sigmund
  1869 | D:2      | You fall into a shaft and drop 2 floors!
  1930 | D:4      | Found a shadowy altar of Dithmenos.
  2151 | D:4      | Found a snail-covered altar of Cheibriados.
  2300 | D:2      | Noticed Jessica
  2318 | D:2      | Killed Jessica
  2319 | D:2      | Reached skill level 3 in Air Magic
  2422 | D:2      | Learned a level 4 spell: Summon Lightning Spire
  2584 | D:2      | Reached skill level 4 in Air Magic
  2789 | D:2      | Gained mutation: Your magical nature lets you fly swiftly
                  | and evasively. [Tengu growth]
  2789 | D:2      | Reached XP level 5. HP: 21/28 MP: 9/9
  3776 | D:4      | Reached skill level 5 in Air Magic
  4115 | D:4      | Noticed Eustachio
  4205 | D:4      | Killed Eustachio
  4206 | D:4      | Reached skill level 6 in Air Magic
  4206 | D:4      | Reached XP level 6. HP: 32/32 MP: 3/10
  4877 | D:5      | Entered Level 5 of the Dungeon
  4898 | D:5      | Reached skill level 7 in Air Magic
  4996 | D:5      | Noticed a nameless horror
  5307 | D:5      | Slain by a wyvern skeleton

Illustrated notes

Levels and vault maps discovered:
D:1:      dpeg_arrival_round_b, layout_loops_ring, basic_ecumenical_altar,
          dk_noncrumbling_4
D:2:      layout_loops_ring, uniq_jessica, uniq_robin
D:3:      layout_basic, corexii_shack
D:4:      layout_basic, vehumet_altar_wand_db, kennysheep_mini_moat,
          mainiacjoe_overflow_24_doors, kennysheep_minor_cross, uniq_sigmund,
          uniq_eustachio
D:5:      layout_gridville, general_overflow_altar,
          grunt_temple_overflow_order_and_chaos_2, serial_undead,
          serial_undead_a, serial_undead_f, serial_undead_a, serial_undead_c,
          cheibrodos_sewer_entry_bend, minivault_1, uniq_duvessa,
          uniq_prince_ribbit1

Skill      XL: |  1  2  3  4  5  6 |
---------------+-------------------+-----
Summonings     | 5 6 |  6.1
Air Magic      | 2 4 6 7 |  7.5
Dodging        | |  2.1
Stealth        | |  2.0
Spellcasting   | |  2.1

Action                   |  1- 3 |  4- 6 || total
-------------------------+-------+-------++-------
Melee: Dagger            |    52 |   130 ||   182
       Peck              |     6 |    23 ||    29
       Kick              |    12 |    35 ||    47
       Unarmed           |     1 |       ||     1
Throw: Dart              |       |     1 ||     1
 Cast: Summon Small Mamm |     6 |       ||     6
       Call Imp          |    13 |    10 ||    23
       Summon Lightning  |       |     7 ||     7
  Use: Scroll            |       |    10 ||    10
 Stab: Sleeping          |     4 |     3 ||     7
       Distracted        |     1 |       ||     1
Armor: Robe              |    11 |    10 ||    21
Dodge: Dodged            |    41 |    79 ||   120
